 Dungeon Crawl Stone Soup version 0.14-a0-30-gf0b6e91 (webtiles) character file.

68 Malachi the Ducker (level 2, 10/14 HPs)
             Began as a Spriggan Transmuter on Sept 27, 2013.
             Got out of the dungeon alive.
             The game lasted 00:01:47 (1014 turns).

Malachi the Ducker (Spriggan Transmuter)            Turns: 1014, Time: 00:01:47

HP  10/14        AC  2     Str  6      XL: 2   Next: 44%
MP   5/5         EV 18     Int 14      God:
Gold 51          SH  0     Dex 16      Spells:  1 memorised,  6 levels left

Res.Fire  : . . .   See Invis. : +     - Unarmed
Res.Cold  : . . .   Warding    : .   c - +0 robe
Life Prot.: . . .   Conserve   : .   (shield restricted)
Res.Poison: .       Res.Corr.  : .   (helmet restricted)
Res.Elec. : .       Clarity    : .   (no cloak)
Sust.Abil.: . .     Spirit.Shd : .   (gloves unavailable)
Res.Mut.  : .       Stasis     : .   (boots unavailable)
Res.Rott. : .       Flight     : .   (no amulet)
Saprovore : . . .                    (no ring)
                                     (no ring)

@: very quick, slightly resistant to hostile enchantments, unstealthy
A: unfitting armour, see invisible, herbivore 3, speed 3, slow metabolism 2
a: no special abilities


You escaped.
You were not hungry.

You visited 1 branch of the dungeon, and saw 1 of its levels.

You collected 31 gold pieces.

Inventory:

Missiles
 b - 12 arrows
Armour
 c - a +0 robe (worn)
Comestibles
 g - 2 apples
Scrolls
 e - 2 scrolls of noise {unknown}
 f - 2 scrolls of identify {unknown}
 h - a scroll of fog {unknown}
 i - a scroll of random uselessness {unknown}
Potions
 a - a potion of porridge
Books
 d - a book of Changes

   Spells                             Type                      Level
   *Beastly Appendage                 Transmutation                1
   Sticks to Snakes                   Transmutation                2
   Spider Form                        Transmutation/Poison         3
   Ice Form                           Ice/Transmutation            4
   Blade Hands                        Transmutation                5


   Skills:
 + Level 0.7 Fighting
 + Level 3.4 Dodging
 + Level 2.7 Unarmed Combat
 * Level 3.1 Spellcasting
 * Level 2.9 Transmutations


You had 6 spell levels left.
You knew the following spells:

 Your Spells              Type           Power        Failure   Level  Hunger
a - Beastly Appendage     Trmt           ##....       10%         1    #......


Dungeon Overview and Level Annotations

Branches:
Dungeon (1/27)

Altars:


Innate Abilities, Weirdness & Mutations

You are tiny and cannot use many weapons and most armour.
You have supernaturally acute eyesight.
You are a herbivore.
You cover ground extremely quickly.
You need consume almost no food.


Message History

You kill the rat!
No target in view!
A kobold comes into view.
The kobold shouts!
A kobold comes into view. It is wielding a dwarven short sword.
There is an open door here.
The troll shouts!
The naga shouts!
You close the door.
The tengu shouts!
The felid hisses angrily.
The human shouts!
The ogre shouts!
The orc shouts!
The demigod shouts!
The dwarf shouts!
The spriggan shouts!
The octopode shouts!
The elf shouts!
The demonspawn shouts!
The centaur shouts!
There is an open door here.
There is a staircase leading out of the dungeon here.
Are you sure you want to leave the Dungeon?
This will make you lose the game!
You have escaped!

###############
####n#@#M#V#x#@#@#
#..###############
#@.'..............
#..###############
####m#c#H#K#e#i#q#
###############
#..... ###'####
#....##. #....##.
#....##.


There were no monsters in sight!

Vanquished Creatures
  2 bats (D:1)
  2 goblins (D:1)
  A hobgoblin (D:1)
  7 jackals (D:1)
  2 kobolds (D:1)
  A rat (D:1)
15 creatures vanquished.

Notes
Turn   | Place    | Note
--------------------------------------------------------------
     0 | D:1      | Malachi, the Spriggan Transmuter, began the quest for the Orb.
     0 | D:1      | Reached XP level 1. HP: 10/10 MP: 2/2
     2 | D:1      | Noticed a ghoul
     2 | D:1      | Noticed a merfolk
     4 | D:1      | Noticed a demonspawn
     4 | D:1      | Noticed a centaur
     6 | D:1      | Noticed a minotaur
     8 | D:1      | Noticed a vampire
    10 | D:1      | Noticed an octopode
    10 | D:1      | Noticed an elf
    12 | D:1      | Noticed a spriggan
    14 | D:1      | Noticed a demigod
    14 | D:1      | Noticed a dwarf
    16 | D:1      | Noticed an ogre
    18 | D:1      | Noticed a human
    18 | D:1      | Noticed a felid
    20 | D:1      | Noticed a tengu
    20 | D:1      | Noticed a draconian
    22 | D:1      | Noticed a troll
    22 | D:1      | Noticed a naga
   457 | D:1      | Reached XP level 2. HP: 12/14 MP: 2/5
  1014 | D:$      | Got out of the dungeon alive.

Action                   || total
-------------------------++-------
Melee: Unarmed           ||    83
 Cast: Beastly Appendage ||     8
